AoeStats
← primo78n

Arena

505578959Analyzed
2v2 RM · 22d ago on Sep 10, 2026· 54m 21s· 4 players
Game mode
Random Map
Map size
Medium (4 player)
Population
200
Speed
Normal
Resources
Standard
Victory
Conquest
Starting age
Dark Age
Ending age
Imperial Age
RankedLock teamsTeams togetherTeam positionsShared explorationLock speedFull tech treeHidden civsTurbo modeCheats
Victory
Defeat
🇨🇴 Teutons · Colombia
1134
+12
🇦🇷 Hindustanis · Argentina
1068
+15
🇦🇷 Burgundians · Argentina
1050
-14
🇦🇷 Hindustanis · Argentina
1046
-13
primo78n
7:36 Loom
9:55 Feudal Age
11:44 Double-Bit Axe
11:55 Horse Collar
17:31 Castle Age
17:02 Stone Mining
20:40 Heavy Plow
20:53 Bow Saw
23:09 Forging
22:59 Scale Mail Armor
25:01 Chain Mail Armor
25:22 Iron Casting
29:04 Wheelbarrow
29:09 Squires
28:54 Arson
31:41 Grand Trunk Road
31:59 Hand Cart
31:30 Town Watch
35:36 Imperial Age
33:12 Town Patrol
33:11 Gold Mining
34:58 Gold Shaft Mining
35:03 Stone Shaft Mining
35:31 Fortified Wall
36:00 Bloodlines
35:50 Husbandry
36:01 Scale Barding Armor
37:27 Conscription
36:29 Heavy Camel Rider
38:39 Chain Barding Armor
39:24 Blast Furnace
40:15 Plate Barding Armor
39:46 Fletching
40:14 Elite Ghulam
43:54 Bodkin Arrow
46:24 Bracer
TIYA
6:53 Double-Bit Axe
10:36 Feudal Age
9:14 Horse Collar
10:28 Loom
10:59 Gold Mining
11:29 Bow Saw
14:00 Heavy Plow
18:44 Castle Age
18:18 Gold Shaft Mining
18:00 Scale Barding Armor
18:35 Forging
18:50 Cavalier
20:09 Chain Barding Armor
20:26 Husbandry
22:24 Forging
28:00 Wheelbarrow
29:27 Iron Casting
30:38 Two-Man Saw
29:34 Stone Mining
32:29 Hand Cart
36:24 Imperial Age
34:54 Fortified Wall
35:06 Scale Mail Armor
36:28 Chain Mail Armor
35:54 Pikeman
36:31 Halberdier
41:44 Squires
44:55 Arson
NTM.Dropee
10:50 Feudal Age
15:42 Castle Age
15:13 Horse Collar
15:20 Double-Bit Axe
17:22 Loom
18:31 Gold Mining
19:53 Bloodlines
22:04 Heavy Plow
25:35 Husbandry
30:29 Imperial Age
28:21 Scale Barding Armor
29:18 Wheelbarrow
29:29 Chain Barding Armor
29:39 Forging
30:30 Gold Shaft Mining
30:04 Grand Trunk Road
31:50 Plate Barding Armor
30:46 Heavy Camel Rider
32:06 Hand Cart
32:49 Conscription
32:21 Town Watch
34:32 Iron Casting
33:30 Imperial Camel Rider
34:25 Stone Mining
34:51 Bow Saw
36:26 Blast Furnace
35:39 Town Patrol
37:03 Fletching
38:58 Light Cavalry
39:35 Bodkin Arrow
42:03 Scale Mail Armor
44:01 Chain Mail Armor
43:33 Hussar
44:43 Elite Ghulam
46:56 Chemistry
NTM.W.ALARCON
11:29 Feudal Age
10:23 Loom
11:18 Loom
13:27 Double-Bit Axe
16:06 Castle Age
14:03 Horse Collar
18:00 Bow Saw
18:35 Town Watch
22:37 Gold Mining
25:29 Wheelbarrow
26:41 Fletching
27:31 Scale Mail Armor
27:41 Forging
28:24 Hand Cart
29:43 Chain Mail Armor
32:01 Iron Casting
31:52 Pikeman
32:33 Squires
35:25 Imperial Age
33:07 Heavy Plow
33:27 Bodkin Arrow
33:39 Gambesons
33:18 Man-at-Arms
34:32 Gambesons
35:18 Long Swordsman
35:46 Capped Ram
37:25 Two-Handed Swordsman
38:40 Plate Mail Armor
39:10 Blast Furnace
39:13 Conscription
38:40 Elite Teutonic Knight
39:22 Stone Mining
41:40 Champion
44:46 Halberdier
47:40 Stone Shaft Mining
50:19 Padded Archer Armor
54:03 Ballistics
54:53 Chemistry
Connection lost

Rejoining the realm…

Still unreachable

The connection could not be restored.

Session expired

The server has moved on; the page needs a fresh start.